[Event "ICCopen2016"]
[Site "Internet Chess Club"]
[Date "2016.06.03"]
[Round "5"]
[White "MorningRunner"]
[Black "MaestroASK"]
[Result "0-1"]
[ICCResult "White resigns"]
[WhiteElo "2172"]
[BlackElo "2571"]
[Opening "King's pawn opening"]
[ECO "B07"]
[NIC "VO.17"]
[Time "19:43:44"]
[TimeControl "180+0"]

1. e4 d6 2. d4 g6 3. Nc3 c6 4. Be3 e5 5. Nf3 Bg7 6. h3 Nd7 7. Bc4 Qe7 8. O-O
Bh6 9. Bxh6 Nxh6 10. Qd2 Qf8 11. dxe5 dxe5 12. Rad1 f6 13. Bb3 Nf7 14. Qe2
Qe7 15. a4 a5 16. Nh2 O-O 17. Qe3 Kg7 18. f4 exf4 19. Rxf4 Qc5 20. Qxc5 Nxc5
21. Bxf7 Rxf7 22. Rdf1 h5 23. R4f2 Be6 24. Nf3 Rd8 25. e5 f5 26. Ng5 Re7 27.
Re1 Rd4 28. Nf3 Rb4 29. b3 h4 30. Rd2 Bf7 31. Ng5 Kh6 32. Nxf7+ Rxf7 33. Rd6
Re7 34. Kf2 Kg5 35. Kf3 Rf4+ 36. Ke3 Ne4 37. Kd3 Nxd6 {White resigns} 0-1

[Event "ICCopen2016"]
[Site "Internet Chess Club"]
[Date "2016.06.03"]
[Round "5"]
[White "mrneale"]
[Black "betterone76"]
[Result "1-0"]
[ICCResult "Black checkmated"]
[WhiteElo "1257"]
[BlackElo "1492"]
[Opening "Alekhine's defense: Scandinavian variation"]
[ECO "B02"]
[NIC "AL.10"]
[Time "19:42:19"]
[TimeControl "180+0"]

1. e4 Nf6 2. Nc3 d5 3. exd5 Nxd5 4. Nxd5 Qxd5 5. Nf3 Nc6 6. d3 e5 7. Bd2 Bg4
8. Be2 O-O-O 9. h3 Bh5 10. O-O Kb8 11. Nh2 Bxe2 12. Qxe2 f6 13. Be3 Bc5 14.
Bxc5 Qxc5 15. c3 Rd7 16. Rfd1 Rhd8 17. Rd2 Qa5 18. a3 Qa6 19. Rad1 Na5 20.
d4 Qxe2 21. Rxe2 exd4 22. Rxd4 Rxd4 23. cxd4 b6 24. Re7 Rxd4 25. Rxg7 Rd1+
26. Nf1 Nc4 27. g3 Nd2 28. Rxh7 Rxf1+ 29. Kg2 Rb1 30. Rf7 Ne4 31. Re7 Nd6
32. Re2 Nc4 33. Re6 Rxb2 34. Rxf6 Nxa3 35. h4 Nc2 36. h5 Ne1+ 37. Kh3 Rb5
38. g4 Nd3 39. f3 a5 40. h6 Rd5 41. h7 Rd8 42. g5 Ne5 43. g6 Nxg6 44. Rxg6
a4 45. Rg8 Kb7 46. Rxd8 a3 47. h8=Q a2 48. Qa1 c6 49. Qxa2 Kc7 50. Rh8 b5
51. Qf7+ Kb6 52. Rh6 b4 53. Rxc6+ Kxc6 54. Qb3 Kb5 55. f4 Kc6 56. f5 Kd7 57.
f6 Ke8 58. Qxb4 Kf7 59. Qe7+ Kg6 60. Qg7+ Kf5 61. f7 Ke4 62. f8=Q Kd5 63.
Qgf6 Ke4 64. Q8h6 Kd5 65. Qhf4 Kc5 66. Q4e5+ Kb4 67. Qff4+ Kb3 68. Qee3+ Kc2
69. Qff2+ Kd1 70. Qee1# {Black checkmated} 1-0

[Event "ICCopen2016"]
[Site "Internet Chess Club"]
[Date "2016.06.03"]
[Round "5"]
[White "playbr"]
[Black "VrloJakMK"]
[Result "1-0"]
[ICCResult "Black checkmated"]
[WhiteElo "1704"]
[BlackElo "2119"]
[Opening "French: advance, Milner-Barry gambit"]
[ECO "C02"]
[NIC "FR.03"]
[Time "19:43:05"]
[TimeControl "180+0"]

1. e4 e6 2. d4 d5 3. e5 c5 4. c3 Nc6 5. Nf3 Qb6 6. Bd3 Bd7 7. Nbd2 a5 8. O-O
a4 9. a3 Na5 10. Re1 Bb5 11. Bc2 Nc4 12. Nxc4 dxc4 13. d5 exd5 14. Qxd5 Rd8
15. Qe4 Qc6 16. Qe2 Be7 17. Be4 Qa6 18. Bg5 Bc6 19. e6 f6 20. Bf4 g5 21. Bg3
h5 22. Nxg5 fxg5 23. Be5 Nf6 24. Bg6+ Kf8 25. Rad1 Rxd1 26. Rxd1 Kg7 27. Bf7
b5 28. h4 gxh4 29. Qc2 Rh6 30. Bf4 Be4 31. Bxh6+ Kxh6 32. Qd2+ Kg7 33. Qg5+
Kf8 34. Qh6# {Black checkmated} 1-0

[Event "ICCopen2016"]
[Site "Internet Chess Club"]
[Date "2016.06.03"]
[Round "5"]
[White "minmax"]
[Black "Ira57"]
[Result "1-0"]
[ICCResult "Black forfeits on time"]
[WhiteElo "2020"]
[BlackElo "1678"]
[Opening "King's Indian, 3.Nf3"]
[ECO "D92"]
[NIC "KI.80"]
[Time "19:42:27"]
[TimeControl "180+0"]

1. d4 Nf6 2. c4 g6 3. Nf3 Bg7 4. Bf4 O-O 5. Nc3 d5 6. Qd2 Ne4 7. Qe3 Nxc3 8.
bxc3 c5 9. Be5 f6 10. Bg3 Nc6 11. cxd5 Qxd5 12. Qd2 Bg4 13. dxc5 Qxc5 14. e3
Rfd8 15. Qc2 Nb4 16. Qb3+ Nd5 17. e4 Qxc3+ 18. Qxc3 Nxc3 19. Bc4+ Kf8 20. e5
Bxf3 21. gxf3 fxe5 22. O-O Rac8 23. Bb3 Ne2+ 24. Kg2 Nxg3 25. fxg3 Rd2+ 26.
Kh3 Rcd8 27. Rae1 Bf6 28. f4 exf4 29. Rxf4 Kg7 30. Ree4 Rb2 31. Re1 Rdd2 32.
Rh1 e5 33. Rc4 Kh6 34. Rc7 a5 35. Bg8 Kg5 36. Rxh7 Rxa2 37. Bxa2 Rxa2 38.
Rxb7 a4 39. Ra7 {Black forfeits on time} 1-0

[Event "ICCopen2016"]
[Site "Internet Chess Club"]
[Date "2016.06.03"]
[Round "5"]
[White "Rayconniff"]
[Black "senya"]
[Result "1-0"]
[ICCResult "Black forfeits on time"]
[WhiteElo "1639"]
[BlackElo "1100"]
[Opening "Queen's pawn: English defense"]
[ECO "A40"]
[NIC "QO.17"]
[Time "19:42:48"]
[TimeControl "180+0"]

1. d4 b6 2. e4 Bb7 3. Nc3 g6 4. Nf3 Bg7 5. Bc4 e6 6. O-O Ne7 7. Re1 O-O 8.
Bg5 d6 9. e5 Qd7 10. Bf6 Nf5 11. d5 exd5 12. Nxd5 Nc6 13. Bxg7 Kxg7 14. exd6
Nxd6 15. Bb3 Rae8 16. Qd3 Rxe1+ 17. Rxe1 Re8 18. Qc3+ f6 19. Qxf6+ Kh6 20.
Qg5+ Kg7 21. Qf6+ Kh6 22. Rxe8 Qxe8 23. h4 Ne5 24. Nxe5 Ne4 25. Ng4+ Kh5 26.
Qf4 {Black forfeits on time} 1-0

[Event "ICCopen2016"]
[Site "Internet Chess Club"]
[Date "2016.06.03"]
[Round "5"]
[White "YKQ"]
[Black "skippykid"]
[Result "0-1"]
[ICCResult "White forfeits on time"]
[WhiteElo "2584"]
[BlackElo "2286"]
[Opening "Queen's pawn"]
[ECO "A40"]
[NIC "QO.17"]
[Time "19:42:18"]
[TimeControl "180+0"]

1. d4 e6 2. Bf4 f5 3. Nf3 Nf6 4. h3 d5 5. e3 Bd6 6. Ne5 O-O 7. Nd2 c6 8.
Ndf3 Qe7 9. Bd3 Ne4 10. Qe2 Nd7 11. Bh2 Bb4+ 12. Kd1 c5 13. c3 Ba5 14. Bc2
cxd4 15. exd4 Ndf6 16. Ne1 Bd7 17. f3 Nd6 18. N1d3 Bb5 19. a4 Bc4 20. g4
Rac8 21. g5 Nd7 22. h4 f4 23. Qd2 Nf5 24. Kc1 Nxd4 25. Bxf4 Nxe5 26. Bxe5
Nxf3 27. Qe3 Bb6 28. Qe2 Ng1 29. Qe1 Nf3 30. Qe2 Ng1 31. Qe1 Rf5 32. a5 Nf3
33. Qg3 Be3+ 34. Kb1 Rcf8 35. Bf6 Qd7 36. Nb4 Rf4 37. h5 Nd2+ 38. Kc1 Nf1+
39. Qxe3 Nxe3 40. Be5 R4f5 41. Bxf5 Rxf5 42. Bd4 Rf1+ 43. Kd2 Rxh1 44. Rxh1
Nf5 45. h6 Nxd4 46. cxd4 Qd6 47. g6 Qxb4+ 48. Ke3 gxh6 49. gxh7+ Kxh7 50.
Kf4 Qb3 51. Ke5 Qd3 52. Rg1 Qe4+ 53. Kd6 Qxd4 54. Kd7 Qxg1 55. Ke7 Qg7+ 56.
Kd6 h5 57. Kxe6 h4 {White forfeits on time} 0-1

[Event "ICCopen2016"]
[Site "Internet Chess Club"]
[Date "2016.06.03"]
[Round "5"]
[White "DaveyJones"]
[Black "orangeC"]
[Result "1-0"]
[ICCResult "Black forfeits on time"]
[WhiteElo "1519"]
[BlackElo "1624"]
[Opening "English opening"]
[ECO "A10"]
[NIC "EO.64"]
[Time "19:42:43"]
[TimeControl "180+0"]

1. c4 g6 2. Nc3 Bg7 3. Nf3 d6 4. g3 Nc6 5. Bg2 e5 6. O-O f5 7. d3 Nf6 8. Bg5
O-O 9. Qd2 Ne7 10. Bh6 c6 11. Bxg7 Kxg7 12. Ne1 Qb6 13. Na4 Qc7 14. Nc3 Be6
15. f4 Qb6+ 16. e3 Ng4 17. Nd1 a5 18. h3 Nf6 19. Kh2 Qb4 20. Qc3 Qxc3 21.
Nxc3 exf4 22. exf4 d5 23. cxd5 Nexd5 24. Nxd5 Bxd5 25. Nf3 Bxf3 26. Bxf3
Rfe8 27. Rae1 Kf8 28. Kg2 Rxe1 29. Rxe1 Re8 30. Rxe8+ Kxe8 31. Kf2 Ke7 32.
g4 fxg4 33. hxg4 Kd6 34. Ke3 b5 35. b3 a4 36. b4 h5 37. gxh5 gxh5 38. d4 h4
39. f5 {Black forfeits on time} 1-0

[Event "ICCopen2016"]
[Site "Internet Chess Club"]
[Date "2016.06.03"]
[Round "5"]
[White "HouseOfFun"]
[Black "Kastor"]
[Result "0-1"]
[ICCResult "White resigns"]
[WhiteElo "2454"]
[BlackElo "2876"]
[Opening "English: Caro-Kann defensive system"]
[ECO "A11"]
[NIC "EO.64"]
[Time "19:42:13"]
[TimeControl "180+0"]

1. c4 c6 2. g3 d5 3. d4 Nf6 4. Bg2 Bf5 5. Nc3 e6 6. b3 Nbd7 7. e3 Bd6 8.
Nge2 Qe7 9. O-O h6 10. Bb2 O-O 11. Qd2 Bh7 12. f4 a6 13. c5 Bc7 14. b4 b5
15. a4 Rfb8 16. axb5 axb5 17. Rxa8 Rxa8 18. Ra1 Qd8 19. Qc1 Qb8 20. h3 h5
21. Nd1 Be4 22. Nf2 Bxg2 23. Kxg2 g6 24. Nd3 Ne4 25. Nc3 Nxc3 26. Bxc3 Nf6
27. Nf2 Ra7 28. g4 Qa8 29. gxh5 Nxh5 30. Ng4 Ng7 31. Nf6+ Kf8 32. Nd7+ Ke7
33. Nb6 Ra2+ 34. Kh1 Rxa1 35. Bxa1 Qa2 36. Bb2 Nf5 37. Qc3 Ng3+ 38. Kg2 Ne4
39. Qc2 Bxb6 40. cxb6 Kd7 41. b7 Kc7 42. h4 Kxb7 43. h5 gxh5 44. Kh3 Qa8 45.
Qe2 Qg8 46. Qf3 Qg6 47. Bc1 f5 48. Kh4 Qg4+ 49. Qxg4 hxg4 50. Bb2 Kc7 51.
Bc1 Kd7 52. Bb2 Nd6 53. Kg5 g3 {White resigns} 0-1

[Event "ICCopen2016"]
[Site "Internet Chess Club"]
[Date "2016.06.03"]
[Round "5"]
[White "OparinGrigoriy"]
[Black "Bozhenka"]
[Result "1-0"]
[ICCResult "Black forfeits on time"]
[WhiteElo "2855"]
[BlackElo "3021"]
[Opening "Philidor: Improved Hanham variation"]
[ECO "B07"]
[NIC "PU.08"]
[Time "19:42:17"]
[TimeControl "180+0"]

1. e4 d6 2. d4 Nf6 3. Nc3 e5 4. Nf3 Nbd7 5. Bc4 Be7 6. O-O O-O 7. a4 c6 8.
a5 exd4 9. Nxd4 Ne5 10. Ba2 Re8 11. Re1 Bd7 12. h3 b5 13. Bf4 b4 14. Nb1 Ng6
15. Bh2 d5 16. e5 Bc5 17. Nb3 Ne4 18. Nxc5 Nxc5 19. Nd2 Be6 20. Nf3 Nd7 21.
Nd4 Qc7 22. Qh5 c5 23. Nb5 Qc6 24. Nd6 Rf8 25. Rad1 c4 26. c3 bxc3 27. bxc3
Nc5 28. Bb1 Rab8 29. Nf5 Qc7 30. Nd4 Qxa5 31. Qf3 Qc7 32. Qe3 Nd3 33. Bxd3
cxd3 34. Qxd3 Rfc8 35. Re3 Qc4 36. Qxc4 Rxc4 37. f4 Ne7 38. f5 Nxf5 39. Nxf5
Bxf5 40. e6 Re8 41. e7 Be4 42. Bd6 a5 43. Rd4 Rxd4 44. cxd4 f6 45. Ra3 Kf7
46. Rxa5 Ke6 47. Bc5 Kf7 48. Ra6 h5 49. h4 Bf5 50. Kf2 Bg4 51. Ke3 Be6 52.
Kf4 Bg4 53. Ra7 Bc8 54. Ra3 Bg4 55. Rg3 Be6 56. Re3 Bg4 57. Re1 Be6 58. Ra1
Bg4 59. Ke3 Be6 60. Kd2 Rb8 61. Ra6 Bf5 62. Rd6 Be4 63. Rd8 Rb2+ 64. Ke3
Rb3+ 65. Kf4 g5+ 66. hxg5 fxg5+ 67. Ke5 {Black forfeits on time} 1-0

[Event "ICCopen2016"]
[Site "Internet Chess Club"]
[Date "2016.06.03"]
[Round "5"]
[White "Vegita"]
[Black "junard"]
[Result "1-0"]
[ICCResult "Black forfeits on time"]
[WhiteElo "2283"]
[BlackElo "1716"]
[Opening "Sicilian: Canal-Sokolsky (Nimzovich-Rossolimo, Moscow) attack"]
[ECO "B51"]
[NIC "SI.01"]
[Time "19:43:04"]
[TimeControl "180+0"]

1. e4 c5 2. Nf3 d6 3. Bb5+ Nd7 4. d4 cxd4 5. Qxd4 Nf6 6. Nc3 e6 7. O-O Be7
8. Rd1 O-O 9. Bg5 Qc7 10. a4 a6 11. Bxd7 Bxd7 12. Bxf6 gxf6 13. Qe3 Kh8 14.
Nd4 Rg8 15. f4 Qc5 16. Rd3 b5 17. axb5 axb5 18. Rxa8 Rxa8 19. Ndxb5 Ra1+ 20.
Kf2 Qh5 21. Nxd6 Qxh2 22. Ne2 Bxd6 23. Rxd6 Bb5 24. Qg3 Qxg3+ 25. Nxg3 Rb1
26. b3 Rb2 27. Rd2 Kg7 28. f5 Bc6 29. Ke3 h6 30. Kd4 Kf8 31. Kc3 Ra2 32. Kb4
Ke7 33. Kc5 Bb7 34. b4 Ra5+ 35. b5 {Black forfeits on time} 1-0

[Event "ICCopen2016"]
[Site "Internet Chess Club"]
[Date "2016.06.03"]
[Round "5"]
[White "fviana"]
[Black "AaronArrowood"]
[Result "1-0"]
[ICCResult "Black forfeits on time"]
[WhiteElo "2172"]
[BlackElo "1736"]
[Opening "Queen's pawn game"]
[ECO "E10"]
[NIC "EO.45"]
[Time "19:42:19"]
[TimeControl "180+0"]

1. d4 Nf6 2. c4 e6 3. Nf3 c5 4. g3 cxd4 5. Nxd4 Nc6 6. Bg2 d5 7. O-O Bd7 8.
Nc3 Be7 9. cxd5 exd5 10. Nxd5 Nxd4 11. Qxd4 O-O 12. Nxe7+ Qxe7 13. Bxb7 Bh3
14. Bxa8 Bxf1 15. Kxf1 Rxa8 16. Bg5 Rd8 17. Bxf6 gxf6 18. Qc3 Qe6 19. e3 Rc8
20. Qd4 Rc2 21. Kg1 Qf5 22. Rf1 a5 23. a3 Kg7 24. b4 axb4 25. axb4 Qb5 26.
h4 h5 27. Rd1 Qe2 28. Rf1 Rd2 29. Qc5 Rc2 30. Qf5 Rb2 31. e4 Rxb4 32. e5
Qxe5 33. Qf3 Rb2 34. Qd3 f5 35. Qf3 Re2 36. Qxh5 Re1 37. Rxe1 Qxe1+ 38. Kg2
Qe4+ 39. Qf3 Qc2 40. Qe3 Qc6+ 41. Qf3 Qc2 42. Qe3 Qc6+ 43. Kh2 Kg6 44. Qg5+
Kh7 45. Qxf5+ Kg7 46. Qg5+ Kh7 47. Qe3 Qf6 48. f3 Qb2+ 49. Kh3 Qf6 50. Qe4+
Kg7 51. g4 Qa1 52. g5 Qh1+ 53. Kg4 Qg2+ 54. Kh5 Qa2 55. Qe5+ Kf8 56. Qh8+
Ke7 57. Qf6+ Kf8 58. Qd6+ Kg7 59. Qf4 {Black forfeits on time} 1-0

[Event "ICCopen2016"]
[Site "Internet Chess Club"]
[Date "2016.06.03"]
[Round "5"]
[White "talbagels2"]
[Black "hunterking"]
[Result "1-0"]
[ICCResult "Black resigns"]
[WhiteElo "1669"]
[BlackElo "1402"]
[Opening "French: Tarrasch, closed variation"]
[ECO "C05"]
[NIC "FR.17"]
[Time "19:43:03"]
[TimeControl "180+0"]

1. e4 e6 2. d4 d5 3. Nd2 Nf6 4. e5 Nfd7 5. Bd3 c5 6. c3 Nc6 7. Ngf3 cxd4 8.
cxd4 Qb6 9. O-O Be7 10. Nb3 a5 11. a4 Nb4 12. Bb1 f6 13. exf6 Nxf6 14. Ne5
Bd7 15. Bg5 Ne4 16. Bxe7 Kxe7 17. Qg4 Nf6 18. Qxg7+ Kd6 19. Qxf6 Rhf8 20.
Nf7+ Rxf7 21. Qxf7 Na6 22. Nc5 Nxc5 23. dxc5+ Qxc5 24. Bxh7 Rd8 25. Qf4+ Ke7
26. Rac1 Qb6 27. Qg5+ Kd6 28. h3 Rf8 29. Qg3+ Ke7 30. b3 Bc6 31. Bd3 Rf7 32.
Qg5+ Ke8 33. Bg6 Qc7 34. Qf6 Qe7 35. Qxf7+ Qxf7 36. Bxf7+ Kxf7 37. Rxc6
{Black resigns}
1-0

[Event "ICCopen2016"]
[Site "Internet Chess Club"]
[Date "2016.06.03"]
[Round "5"]
[White "Maxbet"]
[Black "SurferRosa"]
[Result "1-0"]
[ICCResult "Black resigns"]
[WhiteElo "2937"]
[BlackElo "2454"]
[Opening "King's Indian: fianchetto without c4"]
[ECO "A49"]
[NIC "QP.06"]
[Time "19:42:30"]
[TimeControl "180+0"]

1. d4 Nf6 2. Nf3 g6 3. g3 Bg7 4. Bg2 d5 5. O-O Nbd7 6. b3 O-O 7. Bb2 b6 8.
c4 Bb7 9. cxd5 Bxd5 10. Nc3 Bb7 11. Rc1 c5 12. d5 Nxd5 13. Nxd5 Bxb2 14. Rc2
Bg7 15. Rd2 Bc6 16. Nh4 Rc8 17. Nf4 Bxg2 18. Nhxg2 Rc7 19. Ne3 e6 20. Nc4
Qe7 21. Nd6 Ne5 22. Nb5 Rb7 23. a4 a6 24. Nd6 Rd7 25. Ne4 Rxd2 26. Qxd2 Rd8
27. Qc2 Nc6 28. e3 Nb4 29. Qe2 Qd7 30. h4 h6 31. g4 Qc6 32. Ng3 e5 33. Nh3
Qd5 34. h5 Qxb3 35. hxg6 fxg6 36. Qf3 Qe6 37. Qe4 Nd5 38. Rd1 Rd7 39. Qc4
Kf7 40. Qxa6 Qxg4 41. Qf1 Nf6 42. Rb1 Qe6 43. a5 bxa5 44. f3 c4 45. Nf2 c3
46. Rc1 Rc7 47. Nfe4 Nxe4 48. Nxe4 c2 49. Qe2 Qc6 50. Qh2 a4 51. Qd2 a3 52.
Qd3 a2 53. Qb3+ Qc4 54. Nd6+ {Black resigns} 1-0

[Event "ICCopen2016"]
[Site "Internet Chess Club"]
[Date "2016.06.03"]
[Round "5"]
[White "BlitzFreakay"]
[Black "d13gocr"]
[Result "1-0"]
[ICCResult "Black resigns"]
[WhiteElo "2059"]
[BlackElo "1708"]
[Opening "Trompowsky attack (Ruth, Opocenský opening)"]
[ECO "A45"]
[NIC "QP.07"]
[Time "19:43:31"]
[TimeControl "180+0"]

1. d4 Nf6 2. Bg5 e6 3. e4 Be7 4. e5 Nd5 5. Bxe7 Qxe7 6. c4 Nb6 7. Nc3 d6 8.
Nf3 dxe5 9. Nxe5 N8d7 10. Nf3 Nf6 11. Bd3 Bd7 12. O-O Bc6 13. d5 Bd7 14. Re1
O-O-O 15. a4 Qb4 16. Ne5 Rhf8 17. a5 Nxc4 18. Bxc4 exd5 19. Nxd5 Nxd5 20.
Bxd5 Be6 21. Bxe6+ fxe6 22. Qg4 Rf6 23. Qxb4 {Black resigns} 1-0

[Event "ICCopen2016"]
[Site "Internet Chess Club"]
[Date "2016.06.03"]
[Round "5"]
[White "GreyWarden"]
[Black "HuevosDeLeon"]
[Result "0-1"]
[ICCResult "White resigns"]
[WhiteElo "1982"]
[BlackElo "2585"]
[Opening "Alekhine's defense: two pawns' (Lasker's) attack"]
[ECO "B02"]
[NIC "AL.10"]
[Time "19:43:29"]
[TimeControl "180+0"]

1. e4 Nf6 2. e5 Nd5 3. c4 Nb6 4. c5 Nd5 5. Bc4 e6 6. Nc3 c6 7. d4 b6 8. cxb6
axb6 9. Nf3 d6 10. O-O dxe5 11. Nxe5 Be7 12. Re1 O-O 13. Bd3 Bf6 14. Ne4 Be7
15. Qg4 f5 16. Qh5 fxe4 17. Bxe4 Nf6 18. Qh4 Nxe4 19. Qxe4 Qd5 20. Qe3 Nd7
21. Nd3 Nf6 22. Nf4 Qf5 23. Nxe6 Ng4 24. Qe2 Bxe6 25. Qxe6+ Qxe6 26. Rxe6
Bf6 27. Be3 c5 28. dxc5 Nxe3 29. fxe3 bxc5 30. Rb6 Rae8 31. a4 Rxe3 32. h3
Re2 33. Rb1 Bd4+ 34. Kh1 Rff2 35. Rg1 Rxb2 36. Rxb2 Rxb2 37. Ra1 c4 38. a5
c3 39. Ra4 c2 {White resigns} 0-1

[Event "ICCopen2016"]
[Site "Internet Chess Club"]
[Date "2016.06.03"]
[Round "5"]
[White "Alright2015"]
[Black "RonJB"]
[Result "1-0"]
[ICCResult "Black resigns"]
[WhiteElo "2031"]
[BlackElo "1640"]
[Opening "French: Alapin variation"]
[ECO "C01"]
[NIC "QO.17"]
[Time "19:42:50"]
[TimeControl "180+0"]

1. d4 e6 2. e4 d5 3. Be3 Nf6 4. Nd2 b6 5. e5 Nfd7 6. f4 Ba6 7. c4 Bxc4 8.
Nxc4 dxc4 9. Bxc4 c6 10. Nf3 Be7 11. h4 h6 12. Qe2 b5 13. Bd3 Nb6 14. f5 Nd5
15. fxe6 fxe6 16. Bg6+ Kd7 17. Nd2 Bxh4+ 18. Bf2 Bxf2+ 19. Qxf2 Qe7 20.
O-O-O Na6 21. Ne4 Rhf8 22. Qg3 c5 23. Nd6 cxd4 24. Rxd4 Qg5+ 25. Qxg5 hxg5
26. Rh7 Rf1+ 27. Kd2 Rf2+ 28. Ke1 Rxb2 29. Rxg7+ Kc6 30. Be8+ Kc5 31. Rd2
Rb1+ 32. Kf2 Nf4 33. Ne4+ Kb4 34. Bxb5 Kxb5 35. Rb7+ Kc4 36. Rxb1 Rf8 37.
Rc1+ Kb4 38. Rb2+ Ka3 39. Rb3+ Kxa2 40. Rf3 Nd3+ 41. Kg1 Rxf3 42. Rc6 Rf4
43. Rxa6+ Kb3 44. Nxg5 Nxe5 45. Rxe6 Ng4 46. Re1 Kc2 47. Ra1 Rf5 48. Nf3 Ne3
49. Nd4+ {Black resigns} 1-0

[Event "ICCopen2016"]
[Site "Internet Chess Club"]
[Date "2016.06.03"]
[Round "5"]
[White "HPG1947"]
[Black "tonto"]
[Result "0-1"]
[ICCResult "White forfeits on time"]
[WhiteElo "1585"]
[BlackElo "1468"]
[Opening "English: four knights, Marini variation"]
[ECO "A28"]
[NIC "EO.09"]
[Time "19:42:38"]
[TimeControl "180+0"]

1. c4 e5 2. Nc3 Nf6 3. Nf3 Nc6 4. a3 d5 5. d4 e4 6. Ne5 Be7 7. Nxc6 bxc6 8.
Bg5 O-O 9. e3 Rb8 10. b4 Ba6 11. c5 Bxf1 12. Kxf1 a5 13. bxa5 Ra8 14. Qa4
Qb8 15. Ra2 Qb7 16. g3 Rab8 17. Kg2 Qb3 18. Qxb3 Rxb3 19. Rc1 Rfb8 20. Na4
h6 21. Bf4 R8b7 22. Nb6 cxb6 23. cxb6 g5 24. Bc7 Bxa3 25. Rxc6 Ne8 26. a6
Nxc7 27. bxc7 Rxc7 28. Rxc7 Bd6 29. Rb7 Rc3 30. a7 Rc8 {White forfeits on
time} 0-1

[Event "ICCopen2016"]
[Site "Internet Chess Club"]
[Date "2016.06.03"]
[Round "5"]
[White "Mercury"]
[Black "Astaneh"]
[Result "0-1"]
[ICCResult "White forfeits on time"]
[WhiteElo "2344"]
[BlackElo "2745"]
[Opening "English opening"]
[ECO "A05"]
[NIC "EO.52"]
[Time "19:42:23"]
[TimeControl "180+0"]

1. Nf3 Nf6 2. c4 g6 3. Nc3 d5 4. cxd5 Nxd5 5. e4 Nxc3 6. dxc3 Qxd1+ 7. Kxd1
f6 8. Bc4 e5 9. Be3 Bd6 10. Kc2 Ke7 11. Nd2 Nc6 12. b4 Nd8 13. Bb3 Be6 14.
Nc4 b6 15. a4 Nf7 16. a5 b5 17. Nd2 a6 18. Rhd1 Rhc8 19. Bxe6 Kxe6 20. Nb3
Ke7 21. Rd3 Nd8 22. Rad1 Ne6 23. Rd5 Rd8 24. g3 c6 25. R5d3 h5 26. h4 Bc7
27. Bc5+ Ke8 28. Bb6 Rxd3 29. Rxd3 Rc8 30. f3 Bd8 31. Kd2 Be7 32. Ke3 Bf8
33. Nc5 Bxc5+ 34. bxc5 Ke7 35. Rd6 Nf8 36. f4 exf4+ 37. gxf4 Nd7 38. f5 gxf5
39. exf5 Ne5 40. Kf4 Rg8 41. Re6+ Kf7 42. Rd6 Rg4+ 43. Ke3 Nc4+ 44. Kf3 Nxd6
45. cxd6 Ke8 46. Bd4 Rxh4 47. Bxf6 Rc4 48. Bd4 Kd7 49. Be5 Rc5 50. Kf4 h4
{White forfeits on time}
0-1

[Event "ICCopen2016"]
[Site "Internet Chess Club"]
[Date "2016.06.03"]
[Round "5"]
[White "capablance2"]
[Black "Kandor"]
[Result "1-0"]
[ICCResult "Black checkmated"]
[WhiteElo "1261"]
[BlackElo "1095"]
[Opening "French defense"]
[ECO "C00"]
[NIC "FR.01"]
[Time "19:43:14"]
[TimeControl "180+0"]

1. e4 e6 2. Nf3 d5 3. exd5 Qxd5 4. d4 Qd8 5. Bb5+ Nc6 6. Bxc6+ bxc6 7. O-O
Nf6 8. Bg5 Be7 9. c3 O-O 10. Nbd2 Nd5 11. Bxe7 Qxe7 12. Ne5 Bd7 13. c4 f6
14. Nxd7 Qxd7 15. cxd5 Qxd5 16. Nf3 Qf5 17. Qc1 Rab8 18. Qxc6 Rxb2 19. Qxc7
h6 20. Qxa7 Rf7 21. Qa8+ Kh7 22. Qa3 Re2 23. Qa6 Re7 24. Qxe2 e5 25. dxe5
fxe5 26. Qb2 e4 27. Nd4 Qf4 28. Rae1 Qe5 29. Re2 Rd7 30. Nc6 Qxb2 31. Rxb2
Rc7 32. Ne5 Re7 33. Ng4 Kg6 34. Ne3 Kf7 35. a4 Ra7 36. Ra1 Rc7 37. a5 Ra7
38. a6 Ra8 39. Rb7+ Ke6 40. Rxg7 h5 41. a7 Kf6 42. Rh7 Kg6 43. Rb7 Kf6 44.
Rb8 Rxb8 45. axb8=Q Ke6 46. Ra6+ Kf7 47. Qb7+ Ke8 48. Ra8# {Black
checkmated} 1-0

[Event "ICCopen2016"]
[Site "Internet Chess Club"]
[Date "2016.06.03"]
[Round "5"]
[White "wmanthony"]
[Black "luckypawns"]
[Result "0-1"]
[ICCResult "White forfeits on time"]
[WhiteElo "1377"]
[BlackElo "1567"]
[Opening "Scandinavian (center counter) defense"]
[ECO "B01"]
[NIC "VO.17"]
[Time "19:43:22"]
[TimeControl "180+0"]

1. e4 d5 2. exd5 e6 3. dxe6 Bxe6 4. Nf3 Nf6 5. Be2 Nc6 6. O-O Qd7 7. d3
O-O-O 8. Nc3 h6 9. Bf4 Be7 10. Bg3 g5 11. Ne5 Nxe5 12. Bxe5 Rhg8 13. Re1 Nh7
14. Ne4 f6 15. Bc3 f5 16. Ng3 Kb8 17. Bf3 g4 18. Rxe6 Qxe6 19. Nxf5 Qxf5 20.
Be4 Qf7 21. a4 Bd6 22. a5 Rdf8 23. Qf1 Qf4 24. g3 Qf7 25. Qg2 c6 26. a6 Ng5
27. Be1 Nxe4 28. Qxe4 Qd5 29. Qxd5 cxd5 30. axb7 Kxb7 31. Bd2 Re8 32. Be3 a6
33. c3 h5 34. b4 Rc8 35. Bc5 Bxc5 {White forfeits on time} 0-1

[Event "ICCopen2016"]
[Site "Internet Chess Club"]
[Date "2016.06.03"]
[Round "5"]
[White "ARMCOMPOSER"]
[Black "DrOussedik"]
[Result "1-0"]
[ICCResult "Black forfeits on time"]
[WhiteElo "3075"]
[BlackElo "1886"]
[Opening "French: Albin-Alekhine-Châtard attack, Spielmann variation"]
[ECO "C13"]
[NIC "FR.06"]
[Time "19:43:09"]
[TimeControl "180+0"]

1. e4 e6 2. d4 d5 3. Nc3 Nf6 4. Bg5 Be7 5. e5 Nfd7 6. h4 O-O 7. Bd3 c5 8.
Nh3 f5 9. exf6 Bxf6 10. dxc5 Nxc5 11. Qh5 Nxd3+ 12. cxd3 Nc6 13. O-O-O Bd7
14. Rhe1 Rc8 15. Kb1 Qa5 16. Bxf6 Rxf6 17. Ng5 h6 18. Nf3 Nb4 19. a3 Rxc3
20. axb4 Qxb4 21. Qe5 Rb3 22. Qd4 Qb5 23. Re2 a5 24. Rc1 a4 25. Rc5 Qb6 26.
Rc3 a3 27. Qxb6 Rxb6 28. Rxa3 Bb5 29. Rb3 Rf4 30. Ne5 Rf5 31. g3 g5 32. hxg5
hxg5 33. g4 Rf4 34. Nd7 Bxd7 35. Rxb6 Rxg4 36. Rxb7 Ba4 37. b3 Bc6 38. Rc7
{Black forfeits on time}
1-0

[Event "ICCopen2016"]
[Site "Internet Chess Club"]
[Date "2016.06.03"]
[Round "5"]
[White "Eraser007"]
[Black "chigato"]
[Result "1-0"]
[ICCResult "Black resigns"]
[WhiteElo "2217"]
[BlackElo "1783"]
[Opening "Caro-Kann: two knights variation"]
[ECO "B10"]
[NIC "CK.01"]
[Time "19:43:29"]
[TimeControl "180+0"]

1. e4 c6 2. Nf3 d5 3. Nc3 Be6 4. Ng5 Bg4 5. Qxg4 Nf6 6. Qf3 e5 7. exd5 cxd5
8. Bb5+ Nc6 9. O-O h6 10. Nh3 Be7 11. Re1 O-O 12. Bxc6 bxc6 13. Rxe5 Bd6 14.
Re2 c5 15. d3 Qc7 16. Bf4 Rad8 17. Rae1 a6 18. b3 c4 19. Bxd6 Qxd6 20. d4
cxb3 21. cxb3 Qb4 22. Qd3 Rc8 23. Na4 Ne4 24. f3 Nc3 25. Nxc3 Rxc3 26. Qd2
Rfc8 27. Re8+ Rxe8 28. Rxe8+ Kh7 29. Re3 Rc1+ 30. Qxc1 Qxd4 31. Nf2 g6 32.
Rd3 Qf6 33. Qd2 Qa1+ 34. Nd1 d4 35. Rxd4 Kg7 36. Rd7 Qf6 37. Qd4 g5 38.
Qxf6+ Kxf6 39. Rd6+ Kf5 40. Rxh6 f6 41. Ne3+ Kf4 42. Ng4 f5 43. Kf2 fxg4 44.
g3+ Kf5 45. Rxa6 gxf3 46. Kxf3 g4+ 47. Ke3 Ke5 48. Ra5+ Kf6 49. Kf4 Kg6 50.
Kxg4 Kf6 51. Rf5+ Ke6 52. a4 Kd6 53. h4 Kc6 54. h5 Kb6 55. h6 {Black
resigns} 1-0